 Dungeon Crawl Stone Soup version 0.23-a0-350-g6fd5563 (webtiles) character file.

114 Loudmushroom the Skirmisher (level 4, -2/29 HPs)
             Began as a Gargoyle Fighter on Oct 20, 2018.
             Slain by Sigmund
             ... wielding a +0 scythe
              (5 damage)
             ... on level 3 of the Dungeon.
             The game lasted 00:11:23 (1592 turns).

Loudmushroom the Skirmisher (Gargoyle Fighter)      Turns: 1592, Time: 00:11:23

Health: -2/29      AC: 11    Str: 21    XL:     4   Next: 98%
Magic:  4/4        EV:  7    Int:  8    God:
Gold:   88         SH:  0    Dex:  9    Spells: 3/3 levels left

rFire    . . .     SeeInvis .   a - +0 war axe
rCold    . . .     Gourm    .   c - +0 shield
rNeg     + . .     Faith    .   b - +0 scale mail
rPois    ∞         Spirit   .   (no helmet)
rElec    +         Reflect  .   (no cloak)
rCorr    .         Harm     .   m - +0 pair of gloves
MR       .....                  (no boots)
Stlth    ..........             (no amulet)
HPRegen  0.09/turn              (no ring)
MPRegen  0.09/turn              (no ring)

@: confused
A: negative energy resistance 1, electricity resistance, unbreathing,
petrification resistance, rot immunity, AC +3
a: no special abilities


You were on level 3 of the Dungeon.
You were not hungry.

You visited 1 branch of the dungeon, and saw 3 of its levels.

You collected 88 gold pieces.

Inventory:

Hand Weapons
 a - a +0 war axe (weapon)
 l - a +0 flail
Missiles
 e - 78 stones (quivered)
 n - 24 bolts
 p - 29 sling bullets
Armour
 b - a +0 scale mail (worn)
 c - a +0 shield (worn)
 m - a +0 pair of gloves (worn)
Jewellery
 o - an uncursed ring of protection from magic {unknown}
Scrolls
 h - a scroll of enchant armour {unknown}
 k - 5 scrolls of identify {unknown}
Potions
 d - 2 potions of might
 i - a potion of curing {unknown}
 j - a potion of berserk rage {unknown}
Comestibles
 f - 6 rations


   Skills:
 + Level 4.0 Fighting
 * Level 3.1 Axes
 + Level 3.9 Armour
 + Level 3.9 Shields


You had 3 spell levels left.
You didn't know any spells.
Your spell library was empty.

Dungeon Overview and Level Annotations

Branches:
Dungeon (3/15)

Altars:

Annotations:
D:3 Sigmund


Innate Abilities, Weirdness & Mutations

You are resistant to torment.
Your stone body is resilient. (AC +3)
You are immune to poison.
You resist negative energy. (rN+)
You are resistant to electric shocks. (rElec)
You can survive without breathing.
You are immune to petrification.
You are immune to rotting.


Message History

You are confused.
You completely miss something. Something hits you.
You bump into the rock wall.
You hear some strange, mumbled words.
You are more confused.
You barely miss something. Something hits you.
You miss something. Something hits you!
You miss something. Something hits you but does no damage.
Something hits you but does no damage.
You bump into the rock wall.
Something hits you but does no damage.
You hear some strange, mumbled words.
You are more confused.
Something hits you!
* * * LOW HITPOINT WARNING * * *
You're too confused to move!
Something hits you.
* * * LOW HITPOINT WARNING * * *
You miss something. Something hits you.
You die...

#.# #.#
#########.##
#..........##
##.##.##.....#
#......##...######
#.÷##.............
#..######..#######
####@.........#
#.l{....#####'##
#.##.##.# ##...##
# #.# .###.....##
..# .##.......####
...# #.........##.
.....
+.........'..
.....#
#......♣♣..#.
.......
##......♣..#.


You could see a leopard gecko.

Vanquished Creatures
  4 adders
  A worm (D:2)
  2 dart slugs
  3 leopard geckos
  An orc (D:3)
  2 giant cockroaches (D:1)
  9 goblins
  9 hobgoblins
  2 jackals (D:1)
  A ball python (D:2)
  5 bats (D:2)
  A frilled lizard (D:2)
  6 kobolds
  22 rats
68 creatures vanquished.

Notes
Turn   | Place    | Note
-------+----------+-------------------------------------------
     0 | D:1      | Loudmushroom the Gargoyle Fighter began the quest for the
                  | Orb.
     0 | D:1      | Reached XP level 1. HP: 14/14 MP: 1/1
    25 | D:1      | Reached XP level 2. HP: 15/19 MP: 2/2
   474 | D:1      | Reached XP level 3. HP: 23/23 MP: 3/3
   888 | D:2      | Reached XP level 4. HP: 29/29 MP: 4/4
  1292 | D:2      | Reached skill level 4 in Fighting
  1571 | D:3      | Noticed Sigmund
  1592 | D:3      | Slain by Sigmund

Vault maps used:
D:1:      erik_arrival_orb_chamber
D:3:      first_ration, serial_park_tiny_1, uniq_sigmund

Skill      XL: |  1  2  3  4 |
---------------+-------------+-----
Axes           | 2 3 |  3.1
Fighting       | 4 |  4.0
Armour         | |  3.9
Shields        | |  3.9

Action                   |  1- 3 |  4- 6 || total
-------------------------+-------+-------++-------
Melee: War axe           |    93 |    90 ||   183
  Eat: Chunk             |       |     3 ||     3
Armor: Scale mail        |    54 |    63 ||   117
Dodge: Dodged            |    22 |    36 ||    58
Block: Shield            |    47 |    55 ||   102

Table legend:
 A = Non-vault XP
 B = Vault XP
 C = Vault XP percentage of total XP
 D = Non-vault monster count
 E = Vault monster count
 F = Vault count percentage of total count
                 A         B        C        D         E       F
            +---------+---------+-------+---------+---------+-------
      Total |     152 |      12 |   7.3 |      56 |      12 |  17.6
            +---------+---------+-------+---------+---------+-------
        D:1 |      54 |      12 |  18.2 |      24 |      12 |  33.3
        D:2 |      91 |       0 |   0.0 |      29 |       0 |   0.0
        D:3 |       7 |       0 |   0.0 |       3 |       0 |   0.0
            +---------+---------+-------+---------+---------+-------
